 Dungeon Crawl Stone Soup version 0.30-a0-857-gcaf70739d4 (webtiles) character file.

Game seed: 8928492908304783794

2643 cforsyth the Thaumaturge (level 9, -1/45 HPs)
             Began as a Deep Elf Earth Elementalist on Mar 5, 2023.
             Slain by a vampire (11 damage)
             ... on level 6 of the Dungeon.
             The game lasted 00:07:26 (5896 turns).

cforsyth the Thaumaturge (DEEE)                     Turns: 5896, Time: 00:07:27

Health: -1/45      AC: 11    Str:  5    XL:     9   Next: 35%
Magic:  22/27      EV: 11    Int: 25    God:
Gold:   361        SH:  0    Dex: 15    Spells: 28/32 levels left

rFire   + . .      SeeInvis .    (no weapon)
rCold   . . .      Faith    .    (no shield)
rNeg    . . .      Spirit   .    d - +0 acid dragon scales
rPois   .          Reflect  .    p - +2 helmet
rElec   .          Rampage  .    c - +0 cloak
rCorr   +                        F - +0 pair of gloves
Will    .....                    (no boots)
Stlth   ++                       D - amulet of regeneration
HPRegen 1.07/turn                H - ring of protection from fire
MPRegen 0.20/turn                (no ring)

@: about to teleport, studying Short Blades
A: no striking features
a: no special abilities


You were on level 6 of the Dungeon.
You visited 2 branches of the dungeon, and saw 7 of its levels.

You collected 361 gold pieces.

Inventory:

Armour
 a - a +0 robe
 c - a +0 cloak (worn)
 d - +0 acid dragon scales (worn)
 p - a +2 helmet (worn)
 F - a +0 pair of gloves (worn)
Jewellery
 D - an amulet of regeneration (around neck)
 H - a ring of protection from fire (left hand)
Wands
 u - a wand of quicksilver (10)
 z - a wand of digging (7)
 C - a wand of polymorph (6)
 G - a wand of mindburst (5)
Scrolls
 i - 2 scrolls of immolation
 q - a scroll of fear {unknown}
 s - a scroll of vulnerability {unknown}
 t - a scroll of blinking
 x - a scroll of enchant weapon {unknown}
 y - 2 scrolls of amnesia
Potions
 b - a potion of magic
 e - a potion of might
 f - a potion of heal wounds {unknown}
 k - a potion of haste {unknown}
 m - 4 potions of curing
 o - a potion of mutation {unknown}
 r - a potion of attraction {unknown}
 v - 2 potions of berserk rage
 w - 3 potions of lignification
 A - a potion of cancellation {unknown}
 B - a potion of brilliance {unknown}
 E - a potion of ambrosia {unknown}


   Skills:
 - Level 2.4 Dodging
 - Level 2.4 Stealth
 + Level 12.1 Spellcasting
 - Level 1.1 Transmutations
 + Level 10.5 Earth Magic


You had 28 spell levels left.
You knew the following spells:

 Your Spells              Type           Power      Damage    Failure   Level
a - Sandblast             Erth           100%       2d20      1%          1
b - Stone Arrow           Conj/Erth      82%        3d12      3%          3

Your spell library contained the following spells:

 Spells                   Type           Power      Damage    Failure   Level
 Passwall                 Tmut/Erth      36%        N/A       1%          2
 Shock                    Conj/Air       60%        1d6       9%          1
 Petrify                  Tmut/Erth      44%        N/A       9%          4
 Inner Flame              Hex/Fire       15%        N/A       26%         3
 Swiftness                Air            15%        N/A       26%         3
 Airstrike                Air            7%         2d(2-18)  65%         4
 Flame Wave               Conj/Fire      15%        2d7       65%         4
 Sticky Flame             Conj/Fire      15%        2d4       65%         4


Dungeon Overview and Level Annotations

Branches:
Dungeon (6/15)             Temple (1/1) D:5

Altars:
Ashenzari
Cheibriados
Dithmenos
Elyvilon
Fedhas
Gozag
Kikubaaqudgha
Makhleb
Ru
Sif Muna
Trog
Uskayaw
Wu Jian
Xom
Yredelemnul
Zin
The Shining One

Shops:
D:1 [


Message History

You resist with some effort.
The blast of sand hits the vampire but does no damage.
The vampire is almost destroyed.
The vampire hits you! The vampire bites you.
The vampire draws strength from your injuries!
The vampire draws life force from you!
* * * LOW HITPOINT WARNING * * *
The vampire is healed by the life force!
You are too injured to fight recklessly!
You feel better.
The vampire casts a spell.
The vampire flickers and vanishes!
Deactivating autopickup; reactivate with Ctrl-A.
You hear a shout!
Okay, then.
Okay, then.
As you read the scroll labelled UVIQUOVULYCW, it crumbles to dust.
The scroll dissolves into smoke.
It was a scroll of fog.
Something hits you.
* * * LOW HITPOINT WARNING * * *
Something bites you.
* * * LOW HITPOINT WARNING * * *
Something draws strength from your injuries!
You feel better.
You hear some strange, mumbled words.
Something tries to affect you, but you resist.
An orc wizard comes into view. It is wielding a +0 dagger.
As you read the scroll labelled ZETSONNOUQ, it crumbles to dust.
It is a scroll of brand weapon.
You aren't carrying any weapons that can be branded.
You hear some strange, mumbled words.
Something tries to affect you, but you resist.
As you read the scroll labelled XIEDOEGISI, it crumbles to dust.
You feel strangely unstable.
It was a scroll of teleportation.
Something hits you but does no damage. Something bites you!
* * * LOW HITPOINT WARNING * * *
Something draws strength from your injuries!
Something hits you.
* * * LOW HITPOINT WARNING * * *
Something bites you!
You die...

#...#.)...'....#....
#...#.....#....'....
#...#.....######.##.
###########.####.###
#............#
#####.#..........#
#§....##.........#
##§#####.........#
#@## #........##
#§#{##§#..#######
####o§##...#
#§#§#...# §§# #...#
.##. #...# ## #
#...# #####


You could see an orc wizard.

Vanquished Creatures
  Pikel (D:4)
  A cyclops (D:6)
  Maggie (D:6)
  Sigmund (D:2)
  Edmund (D:6)
  An orc warrior (D:6)
  A centaur (D:6)
  2 ogres
  A phantom (D:5)
  Blork the orc (D:6)
  2 scorpions
  A howler monkey (D:5)
  A hound (D:4)
  A gnoll bouda (D:4)
  6 iguanas
  A sleepcap (D:4)
  Natasha (thrice) (D:3)
  2 orc wizards (D:6)
  Robin (D:2)
  3 gnolls (D:2)
  9 adders
  A white imp (D:6)
  An ufetubus (D:4)
  2 worms
  3 dart slugs
  5 orcs
  6 ball pythons
  3 bats
  6 endoplasms
  2 giant cockroaches (D:3)
  14 goblins
  5 hobgoblins (D:2)
  8 jackals
  4 kobolds
  4 quokkas
  2 frilled lizards (D:1)
  8 rats
115 creatures vanquished.

Vanquished Creatures (collateral kills)
  A shadow imp (D:5)
1 creature vanquished.

Vanquished Creatures (others)
  8 plants (D:2)
8 creatures vanquished.

Grand Total: 124 creatures vanquished

Notes
Turn   | Place    | Note
-------+----------+-------------------------------------------
     0 | D:1      | cforsyth the Deep Elf Earth Elementalist began the quest
                  | for the Orb.
     0 | D:1      | Reached XP level 1. HP: 10/10 MP: 6/6
   176 | D:1      | Found Cetik's Armour Emporium.
   237 | D:1      | Reached XP level 2. HP: 15/15 MP: 5/8
   935 | D:2      | Reached skill level 4 in Spellcasting
   935 | D:2      | Reached XP level 3. HP: 14/19 MP: 7/10
  1052 | D:2      | Reached XP level 4. HP: 24/24 MP: 9/12
  1440 | D:2      | Noticed Sigmund
  1698 | D:2      | Killed Sigmund
  1699 | D:2      | Reached skill level 6 in Spellcasting
  1699 | D:2      | Reached skill level 5 in Earth Magic
  1699 | D:2      | Reached XP level 5. HP: 19/28 MP: 8/15
  1752 | D:2      | Noticed Robin
  1940 | D:2      | Killed Robin
  2003 | D:2      | Reached XP level 6. HP: 32/32 MP: 14/17
  2745 | D:3      | Noticed Natasha
  2747 | D:3      | Killed Natasha
  3036 | D:3      | Noticed Natasha
  3039 | D:3      | Killed Natasha
  3090 | D:3      | Noticed Natasha
  3094 | D:3      | Killed Natasha
  3095 | D:3      | Reached skill level 7 in Spellcasting
  3528 | D:4      | Noticed Pikel
  3533 | D:4      | Killed Pikel
  3534 | D:4      | Reached skill level 8 in Spellcasting
  3534 | D:4      | Reached XP level 7. HP: 36/36 MP: 13/21
  3704 | D:4      | Reached skill level 9 in Spellcasting
  3759 | D:4      | Reached XP level 8. HP: 41/41 MP: 19/23
  3974 | D:4      | Found a burning altar of Makhleb.
  3974 | D:4      | Found a glowing silver altar of Zin.
  3975 | D:4      | Noticed an angel
  3975 | D:4      | Noticed a blizzard demon
  4127 | D:5      | Entered Level 5 of the Dungeon
  4224 | D:5      | Found a white marble altar of Elyvilon.
  4312 | D:5      | Found a staircase to the Ecumenical Temple.
  4771 | Temple   | Entered the Ecumenical Temple
  4942 | D:5      | Reached skill level 10 in Spellcasting
  5076 | D:5      | Found a shimmering altar of Xom.
  5165 | D:5      | Found a snail-covered altar of Cheibriados.
  5232 | D:5      | Found an ornate altar of the Wu Jian Council.
  5267 | D:6      | Identified the +1 glaive "Qyeneg" {freeze, *Slow rElec
                  | rPois rC++}
  5394 | D:6      | Noticed Maggie
  5402 | D:6      | Killed Maggie
  5403 | D:6      | Reached skill level 11 in Spellcasting
  5458 | D:6      | Learned a level 3 spell: Stone Arrow
  5503 | D:6      | Found a broken altar of Ashenzari.
  5516 | D:6      | Noticed Edmund
  5520 | D:6      | Killed Edmund
  5521 | D:6      | Reached XP level 9. HP: 21/45 MP: 22/26
  5580 | D:6      | Noticed Blork the orc
  5582 | D:6      | Killed Blork the orc
  5612 | D:6      | Reached skill level 10 in Earth Magic
  5663 | D:6      | Found an ancient bone altar of Kikubaaqudgha.
  5848 | D:6      | Noticed a cyclops
  5852 | D:6      | Killed a cyclops
  5853 | D:6      | Reached skill level 12 in Spellcasting
  5888 | D:6      | HP: 2/45 [vampire/vampiric draining (15)]
  5896 | D:6      | Slain by a vampire

Illustrated notes

Levels and vault maps discovered:
D:1:      giann_bridges, layout_basic, serial_shops, nicolae_shop_statue_plus,
          corexii_corridor_pit, minmay_tripent
D:2:      layout_loops_ring, nicolae_grassy_gnolls, uniq_robin, uniq_sigmund
D:3:      layout_basic, serial_rivers, chequers_serial_rivers_small_a,
          chequers_serial_rivers_micro_c, chequers_serial_rivers_small_3,
          chequers_serial_rivers_large_a, chequers_serial_rivers_room_b,
          chequers_serial_rivers_small_3, uniq_natasha
D:4:      layout_rooms, grunt_temple_overflow_order_and_chaos_2, uniq_pikel
D:5:      layout_cave_pools, elyvilon_altar_5, kennysheep_mini_moat,
          mainiacjoe_overflow_big_doors, minmay_temple_entry_butterflies,
          minmay_misc_feat_columns, minmay_manual_mess
D:6:      minmay_cornered_nines, layout_gridville, ashenzari_altar_1,
          nicolae_kikubaaqudgha_miasma_corner, uniq_blork_the_orc, uniq_maggie,
          uniq_edmund
Temple:   dpeg_three_leaves_temple

Skill      XL: |  1  2  3  4  5  6  7  8  9 |
---------------+----------------------------+-----
Spellcasting   | 4 6 8 9 11 12 | 12.1
Earth Magic    | 4 5 7 9 10 | 10.5
Dodging        | |  2.4
Stealth        | |  2.4
Transmutations | |  1.1

Action                     |  1- 3 |  4- 6 |  7- 9 || total
---------------------------+-------+-------+-------++-------
  Melee: Unarmed           |       |       |     3 ||     3
   Cast: Sandblast         |    30 |    79 |    70 ||   179
    Use: Scroll            |       |       |    13 ||    13
         Potion            |       |       |     2 ||     2
 Armour: Robe              |     3 |     5 |     5 ||    13
         Acid dragon scale |       |       |    12 ||    12
  Dodge: Dodged            |     6 |    26 |    28 ||    60

Table legend: (Time is in decaauts)
 A = Elapsed time spent in this place.
 B = Non-inter-level travel time spent in this place.
 C = Inter-level travel time spent in this place.
 D = Time resting spent in this place.
 E = Time spent auto-exploring this place.
 F = Levels seen in this place.
 G = Mean time per level.
                   A        B        C        D        E       F      G
               +--------+--------+--------+--------+--------+-----+--------+
         Total |   6015 |   5805 |    210 |   1046 |   4039 |   7 |  859.3 |
       Dungeon |   5934 |   5739 |    195 |   1046 |   3981 |   6 |  989.0 |
        Temple |     80 |     65 |     15 |      0 |     58 |   1 |   80.0 |
               +--------+--------+--------+--------+--------+-----+--------+

Top non-repeatable levels by time:
     D:1: 1344 daAuts
     D:4: 1224 daAuts
     D:3: 1048 daAuts
     D:2: 1044 daAuts
     D:6: 661 daAuts
     D:5: 611 daAuts
  Temple: 80 daAuts
